 Dungeon Crawl Stone Soup version 0.18-a0-1027-g814d7dd (webtiles) character file.

16084 George the Carver (level 12, -10/103 HPs)
             Began as a Minotaur Fighter on Jan 8, 2016.
             Was a Priest of the Shining One.
             Killed from afar by a raiju (22 damage)
             ... with a living lightning
             ... on level 1 of the Abyss.
             The game lasted 00:27:25 (10987 turns).

George the Carver (Minotaur Fighter)               Turns: 10987, Time: 00:27:26

Health: -10/103    AC: 26    Str: 24    XL:     12   Next: 6%
Magic:  16/16      EV: 10    Int:  5    God:    the Shining One [***...]
Gold:   663        SH: 13    Dex: 15    Spells: 0 memorised, 11 levels left

rFire  . . .     SeeInvis .     N - +2 double sword (holy)
rCold  + . .     Gourm    .     o - +0 plate armour
rNeg   + + .     Faith    .     c - +1 shield
rPois  .         Spirit   .     U - +2 hat {MR+}
rElec  .         Dismiss  .     y - +2 cloak
rCorr  .         Reflect  .     H - +2 pair of gloves {Dex+3}
SustAt .         Harm     .     V - +2 pair of boots
MR     +....                    (no amulet)
Stlth  ..........               Z - ring of positive energy
                                s - ring of protection from cold

@: glowing, somewhat resistant to hostile enchantments, extremely unstealthy
A: retaliatory headbutt, horns 2
a: Divine Shield, Renounce Religion


You were on level 1 of the Abyss.
You worshipped the Shining One.
The Shining One was most pleased with you.
You were not hungry.

You visited 2 branches of the dungeon, and saw 11 of its levels.
You visited the Abyss 1 time.

You collected 786 gold pieces.
You spent 123 gold pieces at shops.

Inventory:

Hand Weapons
 N - a +2 double sword of holy wrath (weapon)
 Q - a +1 scimitar of flaming
Armour
 c - a +1 shield (worn)
 o - a +0 plate armour (worn)
 y - a +2 cloak (worn)
 H - a +2 pair of gloves of dexterity (worn)
 U - a +2 hat of magic resistance (worn)
 V - a +2 pair of boots (worn)
Rods
 R - a +9 iron rod (12/12)
   (You took it off an orc wizard on level 10 of the Dungeon)
Jewellery
 s - a ring of protection from cold (left hand)
 Z - a ring of positive energy (right hand)
Wands
 r - a wand of digging (19/24)
Scrolls
 i - 6 scrolls of remove curse
 l - a scroll of enchant weapon
 D - a scroll of fear
 F - a scroll of identify
 P - a scroll of magic mapping
 T - 3 scrolls of recharging
Potions
 d - 3 potions of might
 p - a potion of mutation
 A - a potion of haste
 G - 2 potions of heal wounds
 I - a potion of agility
 J - a potion of flight {unknown}
 K - 5 potions of curing
 M - a potion of berserk rage
 O - a potion of magic
 W - a potion of lignification {unknown}
 X - a potion of cancellation {unknown}
 Y - a potion of ambrosia {unknown}
Comestibles
 f - 6 bread rations
 g - 8 meat rations
 h - 5 beef jerkies
 z - 3 slices of pizza
 L - 14 fruits


   Skills:
 + Level 8.7 Fighting
 + Level 14.2 Long Blades
 + Level 9.2 Armour
 + Level 7.5 Dodging
 + Level 9.5 Shields
 + Level 6.9 Invocations


You had 11 spell levels left.
You didn't know any spells.

Dungeon Overview and Level Annotations

Branches:
Dungeon (10/15)            Temple (1/1) D:4             Orc (0/2) D:10
   Lair: D:8-11

Altars:
Ashenzari
Cheibriados
Dithmenos
Elyvilon
Fedhas
Gozag
Kikubaaqudgha
Makhleb
Nemelex Xobeh
Okawaru
Pakellas
Qazlal
Ru
Sif Muna
Trog
Vehumet
Xom
Yredelemnul
Zin
The Shining One

Shops:
D:6 *   D:7 *   D:8 =

Annotations:
D:10 Sonja


Innate Abilities, Weirdness & Mutations

You reflexively headbutt those who attack you in melee.
You have a pair of horns on your head.


Message History

The living lightning hits you!
The raiju blinks!
The raiju bites you but does no damage.
You slice the raiju!!
The raiju is heavily wounded.
You block the raiju's attack.
Your plate armour prevents you from hitting the raiju.
The raiju is heavily wounded.
The raiju bites you but does no damage.
Your plate armour prevents you from hitting the raiju.
The raiju is heavily wounded.
The raiju bites you but does no damage. The raiju barely misses you.
You furiously retaliate!
You headbutt the raiju! You barely miss the raiju.
The raiju is almost dead.
The raiju closely misses you. x2
You hit the raiju.
The raiju is almost dead.
The raiju bursts into living lightning!
The living lightning hits you!
You die...

## .. . . .}.# .
.#.# #### #. ...
...# . ##.###..
. ...# .#.
#...... . #.# ..
.. .#.#...h## #
.# . .
#.....#@h#.. #
#(#.#.
#.....##..#.≈≈..
....#...#...♣ ≈≈
≈≈ . ##
##≈.♣..≈.≈≈≈ .#
. ≈≈#♣≈h......
.## ≈≈.
≈≈.....#....
≈≈≈#.≈≈≈###.
≈..## ...≈.≈h≈≈.
# .. ..#
#.#.#.h.#.. .
..# .


You could see 2 raiju.

Vanquished Creatures
  Gastronok (D:8)
  A tentacled starspawn (Abyss:1)
  Maud (D:10)
  Erica (D:9)
  The ghost of kak the Cruncher, a novice MiBe of Trog (D:7)
  A hill giant (D:10)
  A phantasmal warrior (Abyss:1)
  A harpy (shapeshifter) (D:10)
  2 manticores (D:10)
  4 trolls (D:10)
  A merfolk (D:10)
  Grinder (D:3)
  Prince Ribbit (D:5)
  A two-headed ogre (D:10)
  Sigmund (D:2)
  2 wyverns (D:10)
  A vampire (D:10)
  2 hippogriffs
  2 hogs (D:10)
  Edmund (D:4)
  The ghost of tof the Covered, an amateur TeFi (D:5)
  Duvessa (D:4)
  3 orc warriors
  8 black bears (D:10)
  An ice beast (D:5)
  A phantom (D:8)
  4 ogres
  A sky beast (D:7)
  7 centaurs
  A necrophage (D:7)
  2 big kobolds (D:10)
  4 giant frogs
  A wyvern zombie (D:10)
  2 gnoll sergeants (D:10)
  Dowan (D:4)
  4 scorpions
  8 electric eels (D:10)
  2 giant frog zombies
  4 crimson imps
  A centaur zombie (D:5)
  3 quasits
  A jelly (D:9)
  A gnoll shaman (D:10)
  5 orc priests
  2 hounds
  14 orc wizards
  Jessica (D:2)
  12 worker ants
  Natasha (thrice) (D:3)
  3 iguanas
  6 sheep (D:10)
  A hound zombie (D:10)
  A hound skeleton (D:5)
  8 gnolls
  10 adders
  A shadow imp (D:8)
  2 oozes
  2 adder skeletons
  5 worms
  9 giant geckos
  44 orcs
  2 ball pythons (D:2)
  4 bats
  3 giant cockroaches
  12 goblins
  7 hobgoblins
  10 jackals
  7 quokkas
  A giant cockroach zombie (D:6)
  2 giant gecko skeletons
  13 giant newts
  A jackal skeleton (D:8)
  12 kobolds
  2 quokka zombies
  9 rats
  6 plants (D:10)
  A starspawn tentacle (Abyss:1)
310 creatures vanquished.

Vanquished Creatures (others)
  5 plants (D:10)
  3 starspawn tentacles (Abyss:1)
  20 starspawn tentacle segments (Abyss:1)
28 creatures vanquished.

Grand Total: 338 creatures vanquished

Notes
Turn   | Place    | Note
--------------------------------------------------------------
     0 | D:1      | George the Minotaur Fighter began the quest for the Orb.
     0 | D:1      | Reached XP level 1. HP: 19/19 MP: 0/0
   113 | D:1      | Reached XP level 2. HP: 21/26 MP: 1/1
   294 | D:1      | Reached skill level 4 in Long Blades
   473 | D:2      | Reached XP level 3. HP: 28/31 MP: 2/2
   524 | D:2      | Found a faded altar to an unknown god.
   524 | D:2      | Noticed Jessica
   538 | D:2      | Killed Jessica
   538 | D:2      | Reached skill level 5 in Long Blades
   911 | D:2      | Reached XP level 4. HP: 33/39 MP: 3/3
  1001 | D:2      | Noticed Sigmund
  1018 | D:2      | Killed Sigmund
  1018 | D:2      | Reached skill level 7 in Long Blades
  1018 | D:2      | Reached XP level 5. HP: 26/45 MP: 4/4
  1676 | D:3      | Reached XP level 6. HP: 43/51 MP: 5/5
  1822 | D:3      | Noticed Grinder
  1839 | D:3      | Paralysed by Grinder for 2 turns
  1844 | D:3      | Killed Grinder
  1844 | D:3      | Reached skill level 9 in Long Blades
  2027 | D:3      | Reached XP level 7. HP: 57/57 MP: 6/6
  2143 | D:3      | Noticed Natasha
  2147 | D:3      | Killed Natasha
  2253 | D:3      | Noticed Natasha
  2261 | D:3      | Killed Natasha
  2340 | D:3      | Noticed Natasha
  2345 | D:3      | Killed Natasha
  2475 | D:4      | Reached skill level 10 in Long Blades
  2501 | D:4      | Noticed Duvessa
  2501 | D:4      | Noticed Dowan
  2510 | D:4      | Killed Duvessa
  2527 | D:4      | Killed Dowan
  2746 | D:4      | Reached skill level 11 in Long Blades
  2746 | D:4      | Reached XP level 8. HP: 47/64 MP: 7/7
  2844 | D:4      | Found an oddly glowing altar of Pakellas.
  3237 | D:4      | Noticed Edmund
  3249 | D:4      | Killed Edmund
  3304 | D:4      | Found a staircase to the Ecumenical Temple.
  3314 | Temple   | Entered the Ecumenical Temple
  3376 | Temple   | Became a worshipper of the Shining One
  3728 | D:4      | Reached skill level 12 in Long Blades
  3771 | D:5      | Entered Level 5 of the Dungeon
  3771 | D:5      | Found an opulent altar of Gozag.
  3882 | D:5      | Noticed Prince Ribbit
  4056 | D:5      | Reached skill level 1 in Dodging
  4056 | D:5      | Reached skill level 1 in Invocations
  4182 | D:5      | Killed Prince Ribbit
  4419 | D:5      | Found a shadowy altar of Dithmenos.
  4609 | D:5      | Noticed tof's ghost (amateur TeFi)
  4625 | D:5      | Killed tof's ghost
  4625 | D:5      | Reached XP level 9. HP: 64/72 MP: 9/9
  4640 | D:5      | Reached * piety under the Shining One
  5024 | D:6      | Reached skill level 5 in Shields
  5029 | D:6      | Found Heacsurph's Assorted Antiques.
  5057 | D:6      | Bought a shiny silver wand for 84 gold pieces
  5057 | D:6      | Bought a fizzy white potion for 18 gold pieces
  5057 | D:6      | Bought a scroll labeled LOGROQUGINENT for 21 gold pieces
  5651 | D:7      | Reached skill level 5 in Armour
  5661 | D:7      | Reached skill level 5 in Fighting
  5749 | D:7      | Noticed kak's ghost (novice MiBe)
  6037 | D:7      | Killed kak's ghost
  6427 | D:7      | Found a shimmering altar of Xom.
  6562 | D:7      | Found Maf Jush's General Store.
  6959 | D:8      | Reached XP level 10. HP: 76/83 MP: 10/12
  7048 | D:8      | Found Byugolecw's Jewellery Boutique.
  7249 | D:8      | Noticed Gastronok
  7306 | D:8      | Killed Gastronok
  7306 | D:8      | Reached skill level 13 in Long Blades
  7306 | D:8      | Reached skill level 5 in Dodging
  7767 | D:9      | Noticed Erica
  7778 | D:9      | Killed Erica
  7778 | D:9      | Reached skill level 5 in Invocations
  7900 | D:9      | Found a radiant altar of Vehumet.
  8262 | D:9      | Found a sparkling altar of Nemelex Xobeh.
  8267 | D:9      | Found a shimmering altar of Xom.
  8272 | D:9      | Found a basalt altar of Yredelemnul.
  8309 | D:10     | Entered Level 10 of the Dungeon
  8346 | D:10     | Noticed Maud
  8353 | D:10     | Reached ** piety under the Shining One
  8410 | D:10     | Noticed a manticore
  8425 | D:10     | Killed a manticore
  8425 | D:10     | Reached XP level 11. HP: 87/92 MP: 14/14
  8496 | D:10     | Killed Maud
  8951 | D:10     | Noticed a harpy
  8956 | D:10     | Killed a harpy
  9324 | D:10     | Noticed a hill giant
  9344 | D:10     | Killed a hill giant
  9582 | D:10     | Noticed Sonja
  9951 | D:10     | Found a staircase to the Orcish Mines.
 10457 | D:10     | Found a sacrificial altar of Ru.
 10509 | D:10     | Reached skill level 14 in Long Blades
 10755 | D:10     | Cast into level 1 of the Abyss (Sonja)
 10778 | Abyss:1  | Found an ancient bone altar of Kikubaaqudgha.
 10778 | Abyss:1  | Noticed a phantasmal warrior
 10784 | Abyss:1  | Noticed a tentacled starspawn
 10785 | Abyss:1  | Killed a phantasmal warrior
 10786 | Abyss:1  | Noticed an Executioner
 10790 | Abyss:1  | Reached *** piety under the Shining One
 10924 | Abyss:1  | Noticed an angel
 10942 | Abyss:1  | Noticed a tentacled starspawn
 10957 | Abyss:1  | HP: 4/95 [starspawn tentacle[a tentacled starspawn] (3)]
 10960 | Abyss:1  | Killed a tentacled starspawn
 10960 | Abyss:1  | Reached XP level 12. HP: 5/103 MP: 16/16
 10987 | Abyss:1  | Killed from afar by a raiju

Vault maps used:
D:1:      mainiacjoe_arrival_reflecting_pool
D:2:      first_bread, ecumenical_altar_1, uniq_jessica, uniq_sigmund
D:3:      uniq_natasha, uniq_grinder
D:4:      nicolae_overflow_crystal_walls, minmay_temple_entry_overgrown,
          uniq_edmund, uniq_duvessa
D:5:      nicolae_gozag_seed_capital, nicolae_dithmenos_through_a_glass_darkly,
          uniq_prince_ribbit1
D:6:      serial_shops, shop
D:7:      basic_altar, serial_shops, shop, kennysheep_generic_room_5
D:8:      serial_shops, nicolae_shop_trees, uniq_gastronok
D:9:      kennysheep_mini, minmay_overflow_temple_star_quad, uniq_erica
D:10:     kennysheep_town, uniq_sonja, uniq_maud
Temple:   hc_temple_tempest_star

Action                   |  1- 3 |  4- 6 |  7- 9 | 10-12 || total
-------------------------+-------+-------+-------+-------++-------
Melee: Long sword        |    87 |   127 |   474 |    64 ||   752
       Scimitar          |       |       |       |    90 ||    90
       Double sword      |       |       |       |   216 ||   216
Invok: Divine Shield     |       |       |       |     1 ||     1
Evoke: Rod               |       |       |       |     2 ||     2
  Use: Potion            |       |       |     1 |     1 ||     2
       Scroll            |       |       |     6 |    18 ||    24
  Eat: Chunk             |       |     4 |    16 |    12 ||    32
       Bread ration      |       |       |       |     1 ||     1
